 Dungeon Crawl Stone Soup version 0.19.1 (webtiles) character file.

4801 Faustar the Grappler (level 10, -1/104 HPs)
             Began as a Troll Monk on Dec 27, 2016.
             Slain by a troll (10 damage)
             ... on level 9 of the Dungeon.
             The game lasted 00:18:47 (7880 turns).

Faustar the Grappler (Troll Monk)                   Turns: 7880, Time: 00:18:48

Health: -1/104     AC:  9    Str: 24    XL:     10   Next: 24%
Magic:  9/9        EV: 14    Int:  6    God:
Gold:   361        SH:  0    Dex: 12    Spells: 0 memorised, 9 levels left

rFire  . . .     SeeInvis .       - Unarmed
rCold  . . .     Gourm    +     a - +1 robe
rNeg   . . .     Faith    .     (no shield)
rPois  .         Spirit   .     (helmet restricted)
rElec  .         Reflect  .     k - +0 cloak
rCorr  .         Harm     .     (gloves unavailable)
MR     .....                    (boots unavailable)
Stlth  ++........               (no amulet)
                                (no ring)
                                n - +2 ring of protection

@: no status effects
A: unfitting armour, claws 3, fast metabolism 3, gourmand, regeneration 1,
shaggy fur 1, tough skin 2
a: no special abilities


You were on level 9 of the Dungeon.
You were very full.

You visited 2 branches of the dungeon, and saw 10 of its levels.
You also visited: Sewer.

You collected 361 gold pieces.

Inventory:

Armour
 a - a +1 robe (worn)
 k - a +0 cloak (worn)
Jewellery
 j - an uncursed ring of fire {unknown}
 n - a +2 ring of protection (left claw)
 v - a +3 amulet of reflection {unknown}
 A - an uncursed amulet of harm {unknown}
 G - an uncursed ring of protection from magic {unknown}
Wands
 u - a wand of flame (19/48)
 E - a wand of enslavement (10/24)
Scrolls
 e - 5 scrolls of remove curse
 f - 2 scrolls of blinking
 q - a scroll of recharging {unknown}
 s - 2 scrolls of teleportation
 t - a scroll of fog
 B - a scroll of random uselessness
 C - 3 scrolls of magic mapping
Potions
 c - 5 potions of curing {unknown}
 g - 3 potions of heal wounds {unknown}
 h - 4 potions of flight {unknown}
 i - a potion of mutation
 m - a potion of cure mutation {unknown}
 r - a potion of lignification {unknown}
 z - a potion of cancellation {unknown}
Books
 l - a book of Misfortune

   Spells                             Type                      Level
   a - Confusing Touch                Hexes                        1
   b - Confuse                        Hexes                        3
   c - Gell's Gravitas                Hexes/Translocation          3
   d - Petrify                        Transmutation/Earth          4
   e - Metabolic Englaciation         Hexes/Ice                    5
   f - Yara's Violent Unravelling     Hexes/Transmutation          5
 y - a book of Geomancy

   Spells                             Type                      Level
   a - Sandblast                      Earth                        1
   b - Passwall                       Transmutation/Earth          2
   c - Stone Arrow                    Conjuration/Earth            3
   d - Petrify                        Transmutation/Earth          4
   e - Lee's Rapid Deconstruction     Earth                        5
 D - a book of Conjurations

   Spells                             Type                      Level
   a - Magic Dart                     Conjuration                  1
   b - Searing Ray                    Conjuration                  2
   c - Dazzling Spray                 Conjuration/Hexes            3
   d - Fulminant Prism                Conjuration/Hexes            4
   e - Iskenderun's Mystic Blast      Conjuration                  4
   f - Iskenderun's Battlesphere      Conjuration/Charms           5
Comestibles
 b - 6 bread rations
 d - 4 beef jerkies
 p - 2 slices of pizza
 w - 3 meat rations
 x - 3 fruits


   Skills:
 - Level 8.0 Fighting
 + Level 8.1 Dodging
 - Level 1.0 Stealth
 - Level 8.5 Unarmed Combat


You had 9 spell levels left.
You didn't know any spells.

Dungeon Overview and Level Annotations

Branches:
Dungeon (9/15)             Temple (1/1) D:6            Lair (0/6) D:8
    Orc: D:9-12

Altars:
Ashenzari
Cheibriados
Dithmenos
Elyvilon
Fedhas
Gozag
Hepliaklqana
Kikubaaqudgha
Makhleb
Nemelex Xobeh
Okawaru
Qazlal
Ru
Sif Muna
Trog
Uskayaw
Vehumet
Xom
Yredelemnul
Zin
The Shining One

Shops:
D:4 (   D:6 (   D:8 *

Annotations:
D:8 Prince Ribbit


Innate Abilities, Weirdness & Mutations

You are too large for most types of armour.
You have claws for hands.
Your metabolism is lightning-fast.
You like to eat raw meat.
Your natural rate of healing is unusually fast.
You are covered in fur. (AC +1)
You have very tough skin. (AC +2)


Message History

The troll is heavily wounded.
The troll bites you! The troll barely misses you.
The troll completely misses you.
You claw the troll!
The troll is severely wounded.
The troll bites you!!
* * * LOW HITPOINT WARNING * * *
The troll barely misses you. The troll claws you!
* * * LOW HITPOINT WARNING * * *
You are too injured to fight recklessly!
You are too injured to fight recklessly!
You are too injured to fight recklessly!
You closely miss the troll. Your claw misses the troll.
The troll is severely wounded.
You claw the troll!
The troll is almost dead.
The troll bites you.
* * * LOW HITPOINT WARNING * * *
The troll claws you!
You die...

.... #....
.... .....
.....
....####
#....
........
#..... #.....
....##...####
#.........#
#.T@...#
#.!...##<#.#
#.### ###


You could see a troll.

Vanquished Creatures
  Pikel (D:5)
  Psyche (D:8)
  Grinder (D:5)
  Sigmund (D:4)
  2 wargs (D:8)
  The ghost of HessuHobo the Shield-Bearer, an amateur GrFi (D:5)
  4 orc warriors
  2 ice beasts
  4 sky beasts
  2 slaves (D:5)
  3 phantoms
  2 ogres
  3 centaurs
  4 big kobolds
  3 bullfrogs (D:8)
  2 scorpions
  A water moccasin skeleton (D:5)
  A howler monkey (D:4)
  6 orc priests
  Crazy Yiuf (D:6)
  A bullfrog skeleton (D:8)
  3 hounds
  3 centaur skeletons
  2 iguanas (D:5)
  Terence (D:2)
  A gnoll shaman (D:7)
  4 orc wizards
  4 worker ants
  A hound skeleton (D:8)
  A hound zombie (D:7)
  Robin (D:4)
  7 gnolls
  A river rat (Sewer)
  8 adders
  An ooze (D:3)
  An adder zombie (D:6)
  4 worms
  2 leopard geckos
  22 orcs
  9 giant cockroaches
  18 goblins
  4 hobgoblins
  12 jackals
  5 quokkas
  12 bats
  8 frilled lizards
  A jackal skeleton (D:4)
  A jackal zombie (D:8)
  24 kobolds
  2 leopard gecko skeletons
  A quokka skeleton (D:6)
  13 rats
223 creatures vanquished.

Vanquished Creatures (others)
  A slave (D:5)
1 creature vanquished.

Grand Total: 224 creatures vanquished

Notes
Turn   | Place    | Note
-------+----------+-------------------------------------------
     0 | D:1      | Faustar the Troll Monk began the quest for the Orb.
     0 | D:1      | Reached XP level 1. HP: 22/22 MP: 0/0
   136 | D:1      | Reached XP level 2. HP: 27/29 MP: 1/1
   938 | D:2      | Reached XP level 3. HP: 36/36 MP: 2/2
  1364 | D:2      | Noticed Terence
  1371 | D:2      | Killed Terence
  1371 | D:2      | Reached skill level 5 in Unarmed Combat
  1371 | D:2      | Reached XP level 4. HP: 39/44 MP: 3/3
  1506 | D:3      | Found an opulent altar of Gozag.
  1874 | D:3      | Reached XP level 5. HP: 39/50 MP: 4/4
  2127 | D:3      | Found a glowing drain.
  2163 | Sewer    | Entered a sewer
  2352 | Sewer    | Found a white marble altar of Elyvilon.
  2678 | D:3      | Reached XP level 6. HP: 52/59 MP: 5/5
  2765 | D:4      | Noticed an ice beast
  2770 | D:4      | Killed an ice beast
  2843 | D:4      | Found an iron altar of Okawaru.
  2909 | D:4      | Noticed Robin
  2946 | D:4      | Killed Robin
  2975 | D:4      | Found Vore's Weapon Shoppe.
  3046 | D:4      | Noticed Sigmund
  3055 | D:4      | Killed Sigmund
  3055 | D:4      | Reached XP level 7. HP: 56/66 MP: 6/6
  3698 | D:5      | Entered Level 5 of the Dungeon
  3875 | D:5      | Reached XP level 8. HP: 68/79 MP: 7/7
  4053 | D:5      | Noticed Pikel
  4086 | D:5      | Killed Pikel
  4169 | D:5      | Noticed HessuHobo's ghost (amateur GrFi)
  4213 | D:5      | Killed HessuHobo's ghost
  4337 | D:5      | Noticed Grinder
  4355 | D:5      | Paralysed by Grinder for 2 turns
  4360 | D:5      | Paralysed by Grinder for 7 turns
  4380 | D:5      | Killed Grinder
  4457 | D:5      | Reached XP level 9. HP: 83/94 MP: 8/8
  4739 | D:6      | Found Xegini's Weapon Shoppe.
  4824 | D:6      | Found a staircase to the Ecumenical Temple.
  4924 | Temple   | Entered the Ecumenical Temple
  5348 | D:6      | Found a runed door.
  5600 | D:6      | Noticed Crazy Yiuf
  5608 | D:6      | Killed Crazy Yiuf
  5990 | D:7      | Reached skill level 5 in Dodging
  6165 | D:7      | You fall through a shaft!
  6466 | D:8      | Noticed Psyche
  6943 | D:8      | Found a shimmering altar of Xom.
  6996 | D:8      | Killed Psyche
  6996 | D:8      | Reached XP level 10. HP: 97/104 MP: 9/9
  7040 | D:8      | Found a staircase to the Lair.
  7403 | D:8      | Noticed Prince Ribbit
  7489 | D:8      | Found Syuluum's Assorted Antiques.
  7880 | D:9      | Slain by a troll

Skill      XL: |  1  2  3  4  5  6  7  8  9 10 |
---------------+-------------------------------+-----
Unarmed Combat | 4 5 6 8 |  8.5
Fighting       | 4 7 8 |  8.0
Dodging        | 7 8 |  8.1
Stealth        | |  1.0

Action                   |  1- 3 |  4- 6 |  7- 9 | 10-12 || total
-------------------------+-------+-------+-------+-------++-------
Melee: Unarmed           |   105 |   147 |   352 |    88 ||   692
       Punch             |       |     4 |    12 |     2 ||    18
  Use: Scroll            |       |     1 |     9 |       ||    10
       Potion            |       |       |     1 |       ||     1
 Stab: Sleeping          |     3 |     8 |     4 |       ||    15
       Distracted        |       |       |       |     1 ||     1
  Eat: Chunk             |    18 |    16 |    35 |     8 ||    77
Armor: Robe              |    41 |    43 |    79 |    16 ||   179
Dodge: Dodged            |    35 |    58 |   137 |    39 ||   269
